 Dungeon Crawl Stone Soup version 0.19-a0-682-g708bd0e (webtiles) character file.

3775 Magifyre the Thaumaturge (level 9, -3/45 HPs)
             Began as a Deep Elf Fire Elementalist on June 18, 2016.
             Was a Follower of Vehumet.
             Killed themself with a badly aimed fireball (16 damage)
             ... on level 9 of the Dungeon.
             The game lasted 00:43:42 (8801 turns).

Magifyre the Thaumaturge (DEFE)                     Turns: 8801, Time: 00:43:43

Health: -3/45      AC:  7    Str:  5    XL:     9   Next: 95%
Magic:  20/25      EV: 13    Int: 24    God:    Vehumet [*.....]
Gold:   352        SH:  0    Dex: 15    Spells: 5 memorised, 14 levels left

rFire  . . .     SeeInvis .     p - +1 spear (venom)
rCold  . . .     Gourm    .     a - +1 robe
rNeg   . . .     Faith    .     (no shield)
rPois  .         Spirit   .     (no helmet)
rElec  .         Dismiss  .     n - +2 cloak
rCorr  .         Reflect  .     (no gloves)
SustAt .         Harm     .     d - +0 pair of boots
MR     .....                    (no amulet)
Stlth  +++.......               m - ring of stealth
                                t - ring of wizardry

@: not resistant to hostile enchantments, fairly stealthy
A: no striking features
a: Renounce Religion


You were on level 9 of the Dungeon.
You worshipped Vehumet.
Vehumet was aware of your devotion.
You were not hungry.

You visited 2 branches of the dungeon, and saw 10 of its levels.

You collected 352 gold pieces.

Inventory:

Hand Weapons
 p - a +1 spear of venom (weapon)
Missiles
 z - 2 throwing nets (quivered)
Armour
 a - a +1 robe (worn)
 d - a +0 pair of boots (worn)
 n - a +2 cloak (worn)
Magical Staves
 B - an uncursed staff of poison
Jewellery
 m - a ring of stealth (right hand)
 t - a ring of wizardry (left hand)
Wands
 r - a wand of polymorph (11/24)
 x - a wand of flame (48/48)
 A - a wand of digging (12/24)
Scrolls
 e - 3 scrolls of magic mapping
 o - a scroll of remove curse
 s - a scroll of random uselessness {unknown}
 y - a scroll of summoning {unknown}
Potions
 i - 2 potions of might
 j - a potion of lignification
 q - 2 potions of brilliance
 u - 2 potions of flight
 w - a potion of haste {unknown}
 C - a potion of agility {unknown}
Books
 b - a book of Flames

   Spells                             Type                      Level
   a - Flame Tongue                   Conjuration/Fire             1
   b - Throw Flame                    Conjuration/Fire             2
   c - Conjure Flame                  Conjuration/Fire             3
   d - Inner Flame                    Hexes/Fire                   3
   e - Sticky Flame                   Conjuration/Fire             4
   f - Fireball                       Conjuration/Fire             5
 h - a book of Death

   Spells                             Type                      Level
   a - Corpse Rot                     Necromancy                   2
   b - Sublimation of Blood           Necromancy                   2
   c - Agony                          Necromancy                   5
   d - Dispel Undead                  Necromancy                   5
   e - Excruciating Wounds            Charms/Necromancy            5
   f - Bolt of Draining               Conjuration/Necromancy       5
Comestibles
 c - 11 bread rations
 f - a slice of pizza
 k - 2 meat rations
 l - 9 beef jerkies


   Skills:
 - Level 2.5 Dodging
 - Level 2.5 Stealth
 + Level 10.8 Spellcasting
 * Level 9.5 Conjurations
 + Level 9.4 Fire Magic


You had 14 spell levels left.
You knew the following spells:

 Your Spells              Type           Power        Failure   Level  Hunger
a - Flame Tongue          Conj/Fire      #####        1%          1    None
b - Throw Flame           Conj/Fire      ######       1%          2    None
c - Conjure Flame         Conj/Fire      ######..     1%          3    None
d - Sticky Flame          Conj/Fire      ######..     1%          4    None
e - Fireball              Conj/Fire      ######....   1%          5    ####...


Dungeon Overview and Level Annotations

Branches:
Dungeon (9/15)             Temple (1/1) D:6            Lair (0/6) D:8
    Orc: D:9-12

Altars:
Ashenzari
Cheibriados
Dithmenos
Elyvilon
Fedhas
Gozag
Hepliaklqana
Kikubaaqudgha
Makhleb
Nemelex Xobeh
Okawaru
Pakellas
Qazlal
Ru
Sif Muna
Trog
Uskayaw
Vehumet
Xom
Yredelemnul
Zin
The Shining One

Shops:
D:4 (


Message History

There is a stone staircase leading up here.
Casting: Flame Tongue
Confirm with . or Enter, or press ? or * to list all spells.
Aiming: Fireball
Press: ? - help, Shift-Dir - straight line, f - worker ant
Aim: a worker ant That beam is likely to hit you.
Continue anyway?
Okay, then.
Casting: Fireball
Confirm with . or Enter, or press ? or * to list all spells.
Aiming: Fireball
Press: ? - help, Shift-Dir - straight line, f - ogre, p - worker ant
Aim: an ogre, wielding a giant club That beam is likely to hit you.
Continue anyway?
The fireball explodes!
The fireball engulfs the ogre.
The ogre is heavily wounded.
The fireball engulfs the black bear.
The black bear is almost dead.
The fireball engulfs you!
You die...

### #..
#.####.##
#.....ha#
#.....@O#
........h......
.#.......##...#
#.#+#?..# ..# #
..... . .......
###.### ...


You could see a black bear, an ogre, a hound and a worker ant.

Vanquished Creatures
  The ghost of TheGoonsmith the Geomancer, a novice GrEE of Vehumet (D:7)
  Pikel (D:4)
  Grinder (D:3)
  A hippogriff (D:7)
  Menkaure (D:5)
  Duvessa (D:6)
  An orc warrior (D:6)
  A slave (D:4)
  A phantom (D:6)
  A sky beast (D:7)
  6 ogres
  A centaur (D:6)
  A crocodile (D:5)
  Blork the orc (D:4)
  2 giant frogs (D:6)
  A scorpion (D:4)
  Dowan (D:6)
  4 wights (D:6)
  3 crimson imps
  A jelly (D:6)
  A quasit (D:8)
  A centaur skeleton (D:7)
  4 orc priests
  Crazy Yiuf (D:3)
  3 hounds
  An orc wizard (D:5)
  An iguana (D:6)
  4 worker ants
  Natasha (thrice) (D:3)
  A hound zombie (D:5)
  A hound skeleton (D:4)
  4 gnolls (D:6)
  4 adders
  A shadow imp (D:4)
  2 adder zombies (D:5)
  2 worms (D:4)
  3 dart slugs
  2 giant geckos (D:2)
  20 orcs
  9 bats
  4 giant cockroaches
  7 goblins
  12 hobgoblins
  5 jackals
  8 kobolds
  2 quokkas (D:3)
  A ball python (D:4)
  A giant cockroach zombie (D:5)
  5 giant newts
  A jackal zombie (D:5)
  A quokka zombie (D:5)
  5 rats
151 creatures vanquished.

Vanquished Creatures (others)
  A worker ant (D:4)
  An adder (D:4)
  A giant cockroach (D:4)
3 creatures vanquished.

Grand Total: 154 creatures vanquished

Notes
Turn   | Place    | Note
--------------------------------------------------------------
     0 | D:1      | Magifyre the Deep Elf Fire Elementalist began the quest for the Orb.
     0 | D:1      | Reached XP level 1. HP: 10/10 MP: 6/6
   319 | D:1      | Reached XP level 2. HP: 15/15 MP: 6/8
   323 | D:1      | Learned a level 2 spell: Throw Flame
   630 | D:1      | Reached XP level 3. HP: 19/19 MP: 2/10
  1152 | D:2      | Learned a level 3 spell: Conjure Flame
  1694 | D:2      | Reached skill level 4 in Spellcasting
  1973 | D:2      | Reached XP level 4. HP: 24/24 MP: 10/12
  2500 | D:3      | Found a snail-covered altar of Cheibriados.
  2500 | D:3      | Found a sacrificial altar of Ru.
  2500 | D:3      | Found a basalt altar of Yredelemnul.
  2654 | D:3      | Noticed Crazy Yiuf
  2663 | D:3      | Killed Crazy Yiuf
  2728 | D:3      | Noticed Natasha
  2733 | D:3      | Killed Natasha
  2733 | D:3      | Reached XP level 5. HP: 28/28 MP: 8/14
  2809 | D:3      | Noticed Grinder
  2842 | D:3      | Noticed Natasha
  2851 | D:3      | Killed Natasha
  2964 | D:3      | Killed Grinder
  2964 | D:3      | Reached skill level 5 in Spellcasting
  2964 | D:3      | Reached skill level 5 in Fire Magic
  2964 | D:3      | Reached XP level 6. HP: 20/32 MP: 0/16
  3118 | D:3      | Learned a level 4 spell: Sticky Flame
  3124 | D:3      | Learned a level 5 spell: Fireball
  3325 | D:3      | Noticed Natasha
  3327 | D:3      | Killed Natasha
  3381 | D:4      | Noticed Blork the orc
  3386 | D:4      | Killed Blork the orc
  3386 | D:4      | Reached skill level 6 in Spellcasting
  3531 | D:4      | Found a bloodstained altar of Trog.
  3785 | D:4      | Noticed a slave
  3788 | D:4      | Found Ocumefesa's Weapon Shoppe.
  3860 | D:4      | Reached XP level 7. HP: 36/36 MP: 16/18
  4305 | D:4      | Noticed Pikel
  4315 | D:4      | Killed Pikel
  4315 | D:4      | Reached skill level 7 in Spellcasting
  4315 | D:4      | Reached skill level 5 in Conjurations
  4315 | D:4      | Reached XP level 8. HP: 41/41 MP: 0/21
  4589 | D:5      | Entered Level 5 of the Dungeon
  4965 | D:5      | Reached skill level 8 in Spellcasting
  5625 | D:5      | Noticed Menkaure
  5631 | D:5      | Killed Menkaure
  5631 | D:5      | Reached skill level 9 in Spellcasting
  5771 | D:5      | Found a glowing golden altar of the Shining One.
  6086 | D:6      | Found a staircase to the Ecumenical Temple.
  6105 | Temple   | Entered the Ecumenical Temple
  6139 | Temple   | Became a worshipper of Vehumet
  6201 | D:6      | You fall through a shaft for 2 floors!
  6287 | D:8      | Found a staircase to the Lair.
  6382 | D:7      | Noticed TheGoonsmith's ghost (novice GrEE)
  6397 | D:7      | Killed TheGoonsmith's ghost
  6397 | D:7      | Reached XP level 9. HP: 23/45 MP: 4/24
  6594 | D:6      | Reached skill level 10 in Spellcasting
  7433 | D:6      | Reached * piety under Vehumet
  7433 | D:6      | Offered knowledge of Sting by Vehumet.
  7718 | D:6      | Noticed Dowan
  7720 | D:6      | Noticed Duvessa
  7721 | D:6      | Killed Dowan
  7725 | D:6      | Killed Duvessa
  8801 | D:9      | Killed themself with a badly aimed fireball

Vault maps used:
D:1:      lemuel_arrival_tunnels
D:2:      serial_glass, glass_columns_c, glass_columns_a, due_unseen_surprise,
          feat_on_display
D:3:      gammafunk_temple_overflow_claw, first_bread, uniq_crazy_yiuf_cottage,
          uniq_grinder, uniq_natasha
D:4:      nicolae_overflow_crystal_walls, serial_shops, shop,
          hangedman_decor_slide_cut, uniq_blork_the_orc, uniq_pikel
D:5:      basic_altar, uniq_menkaure
D:6:      lemuel_upstairs_altar, minmay_temple_entry_junction2, uniq_duvessa
D:7:      nicolae_ossuary_entry_false_entrances, grunt_ogre_cave
D:8:      minmay_lair_entry_lava
D:9:      nicolae_qazlal_eye_of_the_storm
Temple:   grunt_circular_temple_18

Skill      XL: |  1  2  3  4  5  6  7  8  9 |
---------------+----------------------------+-----
Fire Magic     | 4 5 7 8 9 |  9.4
Conjurations   | 2 3 4 5 7 9 |  9.5
Spellcasting   | 4 5 6 7 9 10 | 10.8
Dodging        | |  2.5
Stealth        | |  2.5

Action                   |  1- 3 |  4- 6 |  7- 9 || total
-------------------------+-------+-------+-------++-------
Melee: Unarmed           |     3 |       |       ||     3
       Quarterstaff      |       |     3 |     4 ||     7
       Spear             |       |       |    36 ||    36
 Cast: Flame Tongue      |    38 |    70 |   180 ||   288
       Throw Flame       |    36 |    21 |    37 ||    94
       Conjure Flame     |     3 |    11 |    24 ||    38
       Fireball          |       |       |    10 ||    10
       Sticky Flame      |       |       |     8 ||     8
  Use: Scroll            |       |     5 |     9 ||    14
       Potion            |       |       |     1 ||     1
  Eat: Chunk             |     4 |     6 |    15 ||    25
       Meat ration       |       |       |     1 ||     1
Armor: Robe              |     7 |     2 |    20 ||    29
Dodge: Dodged            |    12 |     7 |    73 ||    92
